 Dungeon Crawl Stone Soup version 0.27-a0-808-g60bc5d92e6 (webtiles) character file.

Game seed: 14161395939249158869

2339 funkygono the Thaumaturge (level 9, -19/57 HPs)
             Began as a Djinni Fire Elementalist on Mar 28, 2021.
             Demolished by Joseph
             ... wielding a +1 quarterstaff of draining
              (21 damage)
             ... on level 7 of the Dungeon.
             The game lasted 00:14:14 (7582 turns).

funkygono the Thaumaturge (DjFE)                    Turns: 7582, Time: 00:14:15

Health: -19/57     AC: 10    Str: 13    XL:     9   Next: 43%
Gold:   398        EV: 13    Int: 24    God:
                   SH:  0    Dex: 15

rFire    + + .     SeeInvis .   u - +5 long sword (freeze)
rCold    x . .     Faith    .   (no shield)
rNeg     + + +     Spirit   .   j - +4 robe of Hadjma {*Contam Rampage rN+++}
rPois    ∞         Reflect  .   i - +3 hat of Pondering {ponderous, Will+ MP+10 Int+5}
rElec    .         Harm     .   b - +0 cloak
rCorr    .         Rampage  +   (no gloves)
Will     +....                  (boots unavailable)
Stlth    ++........             (no amulet)
HPRegen  0.19/turn              e - +4 ring of protection
MPRegen  0.00/turn              g - +6 ring of strength

@: corroded, flying, slow
A: fire resistance 2, cold vulnerability 1, float, innate caster, hp casting,
extra vitality 1
a: no special abilities


You were on level 7 of the Dungeon.
You visited 1 branch of the dungeon, and saw 7 of its levels.

You collected 398 gold pieces.

Inventory:

Hand Weapons
 d - a +0 vampiric rapier
 m - a +2 dagger of holy wrath
 t - a +1 whip of venom
 u - a +5 long sword of freezing (weapon)
Armour
 a - a +0 robe
 b - a +0 cloak (worn)
 h - a +0 buckler
 i - the +3 hat of Pondering (worn) {ponderous, Will+ MP+10 Int+5}
   (You found it on level 5 of the Dungeon)

   It affects your intelligence (+5).
   It affects your willpower, your defense against some magical effects.
   It affects your magic capacity (+10).
 j - the +4 robe of Hadjma (worn) {*Contam Rampage rN+++}
   (You found it on level 6 of the Dungeon)

   It renders you almost immune to negative energy.
   It causes magical contamination when unequipped.
   It bestows one free step when moving towards enemies.
 q - a +0 tower shield
Jewellery
 e - a +4 ring of protection (left hand)
 g - a +6 ring of strength (right hand)
Wands
 f - a wand of random effects (19)
 n - a wand of mindburst (16)
Scrolls
 c - a scroll of magic mapping
 p - 2 scrolls of silence
Potions
 k - a potion of haste {unknown}
 l - 2 potions of might {unknown}
 o - 2 potions of attraction {unknown}
 r - a potion of heal wounds {unknown}


   Skills:
 + Level 1.1 Fighting
 + Level 1.4 Short Blades
 + Level 0.2(0.9) Long Blades
 + Level 3.4 Dodging
 - Level 1.5 Stealth
 * Level 10.3 Spellcasting


You had 3 spell levels left.
You knew the following spells:

 Your Spells              Type           Power      Damage    Failure   Level
a - Foxfire               Conj/Fire      100%       2x1d9     1%          1
b - Conjure Flame         Conj/Fire      58%        6-21      1%          3
c - Inner Flame           Hex/Fire       58%        N/A       1%          3
d - Sticky Flame          Conj/Fire      58%        2d7       1%          4
e - Fireball              Conj/Fire      29%        3d13      1%          5
f - Shock                 Conj/Air       100%       1d9       1%          1
g - Ensorcelled Hibernat  Hex/Ice        100%       N/A       1%          2
h - Dazzling Flash        Conj/Hex       100%       N/A       1%          3
i - Ozocubu's Armour      Ice            58%        N/A       1%          3
Your spell library was empty.

Dungeon Overview and Level Annotations

Branches:
Dungeon (7/15)
 Temple: D:4-7

Altars:
Cheibriados
Fedhas
Gozag
Makhleb
Ru
Xom

Annotations:
D:7 Joseph


Innate Abilities, Weirdness & Mutations

You are immune to poison.
Your flesh is very heat resistant. (rF++)
You are vulnerable to cold. (rC-)
You float through the air rather than walking.
You learn spells naturally, not from books.
Your magical power is your life essence.
You have superior vitality. (+4 HP)


Message History

Casting: Foxfire (safe; 1% risk of failure)
Confirm with . or Enter, or press ? or * to list all spells.
You conjure some foxfire!
The foxfire hits Joseph.
Joseph is moderately wounded.
Joseph shoots a sling bullet.
The sling bullet hits you!
Unknown command.
The foxfire hits Joseph!
Joseph is moderately wounded.
The foxfire hits Joseph but does no damage.
Joseph is moderately wounded.
Joseph shoots a sling bullet.
The sling bullet hits you!
* * * LOW HITPOINT WARNING * * *
The foxfire hits Joseph.
Joseph is heavily wounded.
Joseph unwields a +0 hunting sling.
Joseph wields a +1 quarterstaff of draining.
You sense an unholy aura.
Joseph drinks a potion.
Joseph goes berserk!
Casting: Foxfire (safe; 1% risk of failure)
Confirm with . or Enter, or press ? or * to list all spells.
You conjure some foxfire!
* * * LOW HITPOINT WARNING * * *
The foxfire hits Joseph.
Joseph is heavily wounded.
Casting: Foxfire (safe; 1% risk of failure)
Confirm with . or Enter, or press ? or * to list all spells.
Aiming: Sticky Flame (dangerous; 1% risk of failure)
Press: ? - help, Shift-Dir - straight line, f - Joseph
Aim: Joseph, wielding a +1 quarterstaff of draining, wearing a +0 leather armour, quivering sling bullets and carrying a wand of acid (8) (heavily wounded, berserk, ally target, 0% to evade)
The sticky flame hits Joseph.
Joseph is heavily wounded.
Joseph is covered in liquid flames!
* * * LOW HITPOINT WARNING * * *
Joseph burns!
The foxfire hits Joseph.
Joseph is severely wounded.
Joseph burns!
Joseph hits you with a +1 quarterstaff of draining.
* * * LOW HITPOINT WARNING * * *
Joseph burns!
Joseph hits you with a +1 quarterstaff of draining!!
You die...

## ..... .. .... ## . ...
...##. #.# ...?.##.#
#.#....######
#...........# (.
##..##@##.#.# ...
##....@#.#.# # ...
########......#.## ....
.........#.##.....#
....##########..#.#..#####
.........##.....#......#
.................#.#...#
......)................#
......)..)........#....#
##................#.#..#


You could see Joseph (berserk, burning).

Vanquished Creatures
  3 black bears
  2 ice beasts (D:6)
  2 ogres (D:5)
  A sky beast (D:5)
  3 necrophages
  A phantom (D:6)
  2 kobold brigands (D:6)
  A wyvern skeleton (D:6)
  A water moccasin zombie (D:6)
  A water moccasin skeleton (D:6)
  2 howler monkeys (D:5)
  7 wights
  A jelly (D:2)
  3 centaur skeletons
  3 hounds
  2 bullfrog skeletons
  Natasha (D:4)
  3 iguanas (D:6)
  2 orc wizards (D:6)
  A hound skeleton (D:4)
  A howler monkey skeleton (D:5)
  7 adders
  3 white imps
  3 worms
  2 dart slugs
  10 orcs
  4 ball pythons
  5 bats
  6 endoplasms
  8 giant cockroaches
  3 goblins
  8 hobgoblins
  7 jackals
  7 quokkas
  A frilled lizard (D:1)
  13 kobolds
  6 rats
136 creatures vanquished.

Vanquished Creatures (collateral kills)
  2 foxfires (D:3)
2 creatures vanquished.

Vanquished Creatures (others)
  447 foxfires
  20 plants (D:3)
467 creatures vanquished.

Grand Total: 605 creatures vanquished

Notes
Turn   | Place    | Note
-------+----------+-------------------------------------------
     0 | D:1      | funkygono the Djinni Fire Elementalist began the quest for
                  | the Orb.
     0 | D:1      | Reached XP level 1. HP: 15/15 MP: 0/0
   182 | D:1      | Reached skill level 3 in Spellcasting
   186 | D:1      | Reached XP level 2. HP: 15/21 MP: 0/0
  1260 | D:2      | Reached XP level 3. HP: 22/25 MP: 0/0
  1260 | D:2      | Learned a level 1 spell: Shock
  1439 | D:2      | Reached skill level 4 in Spellcasting
  1519 | D:2      | Reached XP level 4. HP: 30/31 MP: 0/0
  1615 | D:2      | Found a sacrificial altar of Ru.
  2622 | D:3      | Reached XP level 5. HP: 33/35 MP: 0/0
  2622 | D:3      | Learned a level 2 spell: Ensorcelled Hibernation
  2788 | D:3      | You are sucked into a shaft and drop 1 floor!
  2875 | D:3      | Reached skill level 5 in Spellcasting
  3855 | D:4      | Noticed Natasha
  3858 | D:4      | Killed Natasha
  3889 | D:4      | Reached XP level 6. HP: 34/40 MP: 0/0
  4042 | D:4      | Found an opulent altar of Gozag.
  4507 | D:5      | Entered Level 5 of the Dungeon
  4508 | D:5      | Noticed a black bear
  4511 | D:5      | Noticed a necrophage
  4516 | D:5      | Killed a black bear
  4517 | D:5      | Reached skill level 6 in Spellcasting
  4524 | D:5      | Killed a necrophage
  4525 | D:5      | Reached XP level 7. HP: 29/46 MP: 0/0
  4525 | D:5      | Learned a level 3 spell: Dazzling Flash
  4741 | D:5      | Reached skill level 7 in Spellcasting
  4882 | D:5      | Reached XP level 8. HP: 27/51 MP: 0/0
  5059 | D:5      | Found the +3 hat of Pondering {ponderous, Will+ MP+10
                  | Int+5}
  5260 | D:5      | Reached skill level 8 in Spellcasting
  5320 | D:5      | Found a burning altar of Makhleb.
  5635 | D:6      | Reached skill level 1 in Fighting
  5645 | D:6      | Found a snail-covered altar of Cheibriados.
  5761 | D:6      | Reached skill level 1 in Short Blades
  6128 | D:6      | Reached skill level 9 in Spellcasting
  6142 | D:6      | Reached XP level 9. HP: 39/57 MP: 0/0
  6142 | D:6      | Learned a level 3 spell: Ozocubu's Armour
  6447 | D:6      | Found a blossoming altar of Fedhas.
  6739 | D:6      | Found a shimmering altar of Xom.
  6812 | D:6      | Identified the +4 robe of Hadjma {*Contam Rampage rN+++}
  7052 | D:6      | Reached skill level 10 in Spellcasting
  7572 | D:7      | Noticed Joseph
  7581 | D:7      | HP: 1/57 [Joseph/+1 quarterstaff of draining (4)]
  7582 | D:7      | Demolished by Joseph

Illustrated notes

Levels and vault maps discovered:
D:1:      saegor_arrival_simple_d, layout_basic, grunt_decor_resistance,
          kennysheep_minor_cross, grunt_decor_arrowhead
D:2:      layout_basic, nicolae_ru_great_annihilating_truth
D:3:      layout_loops_ring, serial_bayou, serial_bayou_lagoon_a,
          serial_bayou_ford_a, serial_bayou_lagoon_b, serial_bayou_pond_b,
          serial_bayou_shore_b, serial_bayou_crossing
D:4:      layout_basic, portal_sewer_entry_f, nicolae_gozag_seed_capital,
          uniq_natasha
D:5:      layout_loops_ring, basic_altar
D:6:      layout_rooms, lemuel_crystal_altar, enter_ossuary_5, basic_altar,
          dk_noncrumbling_4, fedhas_altar_2
D:7:      cheibrodos_two_vegetables, layout_rooms,
          minmay_temple_entry_offerings, gammafunk_ghost_grave, uniq_joseph,
          uniq_duvessa, uniq_menkaure, uniq_prince_ribbit1

Skill      XL: |  1  2  3  4  5  6  7  8  9 |
---------------+----------------------------+-----
Spellcasting   | 3 4 5 6 7 9 10 | 10.3
Dodging        | 3 |  3.4
Fighting       | 1 |  1.1
Short Blades   | 1 |  1.4
Long Blades    | |  0.2
Stealth        | |  1.5

Action                   |  1- 3 |  4- 6 |  7- 9 || total
-------------------------+-------+-------+-------++-------
Melee: Rapier            |     1 |     5 |     5 ||    11
       Falchion          |       |       |     3 ||     3
 Cast: Foxfire           |    40 |   114 |   117 ||   271
       Sticky Flame      |       |       |    16 ||    16
       Shock             |       |       |     7 ||     7
  Use: Scroll            |     3 |     7 |     2 ||    12
       Potion            |       |     1 |     2 ||     3
Armor: Robe              |     2 |     8 |    31 ||    41
Dodge: Dodged            |     1 |    21 |    46 ||    68
       Rpst.: Falchion   |       |       |     7 ||     7
       Long sword        |       |       |     1 ||     1

Table legend: (Time is in decaauts)
 A = Elapsed time spent in this place.
 B = Non-inter-level travel time spent in this place.
 C = Inter-level travel time spent in this place.
 D = Time resting spent in this place.
 E = Time spent auto-exploring this place.
 F = Levels seen in this place.
 G = Mean time per level.
                   A        B        C        D        E       F      G
               +--------+--------+--------+--------+--------+-----+--------+
         Total |   7672 |   7413 |    259 |    119 |   6368 |   7 | 1096.0 |
       Dungeon |   7672 |   7413 |    259 |    119 |   6368 |   7 | 1096.0 |
               +--------+--------+--------+--------+--------+-----+--------+

Top non-repeatable levels by time:
     D:6: 1922 daAuts
     D:3: 1415 daAuts
     D:2: 1198 daAuts
     D:1: 1168 daAuts
     D:5: 1122 daAuts
     D:4: 724 daAuts
     D:7: 121 daAuts
